 Dungeon Sprint DCSS version 0.24-a0-250-g6074511092 (webtiles) character file.

Game seed: 17414039094385121852

1409 Redear the Grappler (level 8, -3/89 HPs)
             Began as a Troll Fighter on Apr 15, 2019.
             Was a Follower of Cheibriados.
             Slain by a two-headed ogre
             ... wielding a +0 giant club
              (15 damage)
             ... in the Dungeon (Sprint III: "The Ten Rune Challenge").
             The game lasted 00:01:57 (495 turns).

Redear the Grappler (Troll Fighter)                  Turns: 495, Time: 00:01:58

Health: -3/89      AC:  6    Str: 28    XL:     8   Next: 42%
Magic:  7/7        EV: 14    Int:  9    God:    Cheibriados [*.....]
Gold:   33         SH: 11    Dex: 12    Spells: 7/7 levels left

rFire    . . .     SeeInvis .     - Unarmed
rCold    . . .     Gourm    +   b - +0 shield
rNeg     . . .     Faith    .   a - +0 robe
rPois    .         Spirit   .   (helmet restricted)
rElec    .         Reflect  .   (no cloak)
rCorr    .         Harm     .   (gloves unavailable)
MR       .....     NoTele   +   (boots unavailable)
Stlth    +.........             (no amulet)
HPRegen  0.64/turn              (no ring)
MPRegen  0.10/turn              (no ring)

@: very slow
A: large, unfitting armour, claws 3, fast metabolism 3, gourmand, regeneration
1, shaggy fur 1, tough skin 3
a: Bend Time, Renounce Religion


You were in the Dungeon.
You worshipped Cheibriados.
Cheibriados was aware of your devotion.
You were hungry.

You visited 1 branch You collected 33 gold pieces.

Inventory:

Armour
 a - a +0 robe (worn)
 b - a +0 shield (worn)
Scrolls
 g - 2 scrolls of torment {unknown}
 B - a scroll of blinking {@r4}
 N - 5 scrolls of remove curse {@r2}
 R - 2 scrolls of identify
Potions
 c - a potion of might {Str+5 DMG+1d10 | @q3}
 d - a potion of resistance {unknown}
 e - 3 potions of mutation {unknown}
 h - 2 potions of magic
 i - a potion of berserk rage
 j - a potion of lignification {unknown}
 l - 4 potions of flight
 H - a potion of haste {@q5}
 Q - 2 potions of curing {@q2}
Comestibles
 z - 6 rations


   Skills:
 + Level 8.4 Fighting
 + Level 8.4 Dodging
 + Level 8.4 Shields
 + Level 9.7 Unarmed Combat


You had 7 spell levels left.
You didn't know any spells.
Your spell library contained the following spells:

 Spells                   Type           Power        Failure   Level  Hunger
 Confusing Touch          Hex            #.....       41%         1    ##.....
 Confuse                  Hex            #.......     80%         3    ####...
 Gell's Gravitas          Tloc           #.........   80%         3    ####...
 Petrify                  Tmut/Erth      #.......     99%         4    #####..
 Metabolic Englaciation   Hex/Ice        #.........   100%        5    ######.
 Yara's Violent Unravell  Hex/Tmut       #.........   100%        5    ######.


Dungeon Overview and Level Annotations

Branches:
Dungeon (1/1)

Altars:
Cheibriados
Dithmenos
Elyvilon
Fedhas
Gozag
Hepliaklqana
Kikubaaqudgha
Makhleb
Nemelex Xobeh
Okawaru
Qazlal
Ru
Sif Muna
Trog
Uskayaw
Vehumet
Wu Jian
Xom
Yredelemnul
Zin
The Shining One
Beogh
Jiyva
Lugonu


Innate Abilities, Weirdness & Mutations

You are too large for most types of armour.
You have claws for hands.
Your metabolism is lightning-fast.
You like to eat raw meat.
Your natural rate of healing is unusually fast.
You are covered in fur. (AC +1)
You have extremely tough skin. (AC +3)


Message History

Unknown command.
You feel much better.
The two-headed ogre hits you with a +0 giant club!
* * * LOW HITPOINT WARNING * * *
The two-headed ogre closely misses you.
You take 2 damage, and have 10/89 hp.
You claw the two-headed ogre!
The two-headed ogre is severely wounded.
Unknown command.
You barely miss the two-headed ogre.
The two-headed ogre is severely wounded.
You block the two-headed ogre's attack. The two-headed ogre barely misses you.
Unknown command.
You claw the two-headed ogre!
The two-headed ogre is almost dead.
Unknown command.
You scratch the two-headed ogre but do no damage.
The two-headed ogre is almost dead.
The two-headed ogre hits you with a +0 giant club!
You die...

__.#._# '###)##
......# ......#
#####'#
__#...#+###########
__#...#....#.#.#..
__#...##.#..#.##O#
__#...'##.#.#.##@#
__'...#.).#..#..##
▓▓▓▓▓▓▓▓▓▓▓▓▓▓▓▓▓


You could see a two-headed ogre.

Vanquished Creatures
  A deep elf mage (D)
  A shadow (D)
  A spatial vortex (D)
  A necrophage (D)
  3 two-headed ogres (D)
  A water elemental (D)
  A jelly (D)
  A wizard (D)
  A necromancer (D)
  3 humans (D)
  A kobold demonologist (D)
  An ooze (D)
  A phantom (D)
  3 rats (D)
20 creatures vanquished.

Vanquished Creatures (others)
  2 draconian scorchers (D)
  6 hellions (D)
  A yaktaur (D)
9 creatures vanquished.

Grand Total: 29 creatures vanquished

Notes
Turn   | Place    | Note
-------+----------+-------------------------------------------
     0 | D        | Redear the Troll Fighter began the quest for the Orb.
     0 | D        | Reached XP level 1. HP: 22/22 MP: 0/0
    53 | D        | Reached skill level 3 in Fighting
    53 | D        | Reached skill level 3 in Dodging
    53 | D        | Reached skill level 3 in Shields
    53 | D        | Reached skill level 3 in Unarmed Combat
    53 | D        | Reached XP level 2. HP: 7/31 MP: 1/1
    54 | D        | Killed a yaktaur
    89 | D        | Killed a hellion
   104 | D        | Killed a hellion
   104 | D        | Killed a hellion
   104 | D        | Killed a hellion
   110 | D        | Reached XP level 3. HP: 37/37 MP: 2/2
   148 | D        | Noticed a water elemental
   148 | D        | Killed a white draconian scorcher
   156 | D        | Killed a water elemental
   156 | D        | Reached skill level 4 in Fighting
   156 | D        | Reached skill level 4 in Dodging
   156 | D        | Reached skill level 4 in Shields
   156 | D        | Reached skill level 4 in Unarmed Combat
   156 | D        | Reached XP level 4. HP: 24/48 MP: 3/3
   157 | D        | Killed a white draconian scorcher
   159 | D        | Killed a hellion
   174 | D        | Killed a hellion
   199 | D        | Found a glowing silver altar of Zin.
   200 | D        | Found a glowing golden altar of the Shining One.
   200 | D        | Found a white marble altar of Elyvilon.
   200 | D        | Noticed a deep elf mage
   210 | D        | Noticed an earth elemental
   216 | D        | Killed a deep elf mage
   216 | D        | Reached skill level 6 in Fighting
   216 | D        | Reached skill level 6 in Dodging
   216 | D        | Reached skill level 6 in Shields
   216 | D        | Reached skill level 7 in Unarmed Combat
   216 | D        | Reached XP level 5. HP: 36/61 MP: 4/4
   216 | D        | Reached XP level 6. HP: 40/68 MP: 5/5
   262 | D        | Found a hide-covered altar of Uskayaw.
   262 | D        | Found a roughly hewn altar of Beogh.
   262 | D        | Found an iron altar of Okawaru.
   262 | D        | Found a bloodstained altar of Trog.
   262 | D        | Found an ornate altar of the Wu Jian Council.
   262 | D        | Noticed a human
   263 | D        | Noticed a human
   267 | D        | Killed a human
   267 | D        | Reached skill level 7 in Fighting
   267 | D        | Reached skill level 7 in Dodging
   267 | D        | Reached skill level 7 in Shields
   267 | D        | Reached skill level 8 in Unarmed Combat
   267 | D        | Reached XP level 7. HP: 70/78 MP: 6/6
   279 | D        | Killed a human
   313 | D        | Found a basalt altar of Yredelemnul.
   313 | D        | Found a shadowy altar of Dithmenos.
   313 | D        | Found a sacrificial altar of Ru.
   342 | D        | Found a radiant altar of Vehumet.
   342 | D        | Found a deep blue altar of Sif Muna.
   342 | D        | Found an ancient bone altar of Kikubaaqudgha.
   386 | D        | Noticed a shadow
   389 | D        | Killed a shadow
   389 | D        | Reached skill level 9 in Unarmed Combat
   389 | D        | Reached XP level 8. HP: 87/87 MP: 7/7
   398 | D        | Found a blossoming altar of Fedhas.
   398 | D        | Found a stormy altar of Qazlal.
   399 | D        | Found a snail-covered altar of Cheibriados.
   399 | D        | Found a burning altar of Makhleb.
   399 | D        | Found a hazy altar of Hepliaklqana.
   399 | D        | Found a shimmering altar of Xom.
   399 | D        | Found an opulent altar of Gozag.
   399 | D        | Found a sparkling altar of Nemelex Xobeh.
   399 | D        | Found a corrupted altar of Lugonu.
   399 | D        | Found a viscous altar of Jiyva.
   403 | D        | Became a worshipper of Cheibriados the Contemplative
   409 | D        | Reached skill level 8 in Fighting
   409 | D        | Reached skill level 8 in Dodging
   409 | D        | Reached skill level 8 in Shields
   425 | D        | Reached * piety under Cheibriados
   481 | D        | Noticed a two-headed ogre
   495 | D        | Slain by a two-headed ogre

Levels and vault maps discovered:
D:        dungeon_sprint_mu [sprint_mu_entry_forest, sprint_mu_temple_rooms,
          sprint_mu_d1_spiders, sprint_mu_d2_genie, sprint_mu_d3_branching,
          sprint_mu_orc_legion, sprint_mu_elf_gauntlet, sprint_mu_hive_nellie,
          sprint_mu_lair_fedhas, sprint_mu_vaults_butterflies,
          sprint_mu_slime_circle, sprint_mu_shoals_kraken,
          sprint_mu_snake_twists, sprint_mu_blade_basic,
          sprint_mu_crypt_chambers, sprint_mu_tomb_spiral,
          sprint_mu_vestibule_basic, sprint_mu_gehenna_hellfire,
          sprint_mu_dis_giant, sprint_mu_tartarus_statrot,
          sprint_mu_cocytus_islands, sprint_mu_zot1]

Skill      XL: |  1  2  3  4  5  6  7  8 |
---------------+-------------------------+-----
Fighting       | 3 4 6 7 8 |  8.4
Dodging        | 3 4 6 7 8 |  8.4
Shields        | 3 4 6 7 8 |  8.4
Unarmed Combat | 3 4 7 8 9 |  9.7

Action                   |  1- 3 |  4- 6 |  7- 9 || total
-------------------------+-------+-------+-------++-------
Melee: Unarmed           |    36 |    13 |    61 ||   110
  Use: Potion            |       |       |     1 ||     1
  Eat: Chunk             |       |       |     1 ||     1
Armor: Robe              |     6 |     2 |     2 ||    10
Dodge: Dodged            |    12 |     1 |    21 ||    34
Block: Shield            |    10 |     4 |    21 ||    35

Table legend:
 A = Non-vault XP
 B = Vault XP
 C = Vault XP percentage of total XP
 D = Non-vault monster count
 E = Vault monster count
 F = Vault count percentage of total count
                 A         B        C        D         E       F
            +---------+---------+-------+---------+---------+-------
      Total |       0 |    2014 | 100.0 |       0 |      20 | 100.0
            +---------+---------+-------+---------+---------+-------
          D |       0 |    2014 | 100.0 |       0 |      20 | 100.0
            +---------+---------+-------+---------+---------+-------
